 Dungeon Crawl Stone Soup version 0.30.1 (webtiles) character file.

Game seed: 1720761952783565306

124113 Peloso the Peltast (level 16, -5/152 HPs)
             Began as a Minotaur Fighter on July 4, 2023.
             Was the Champion of Okawaru.
             Slain by a deep elf archer
             ... wielding a +0 short sword
              (14 damage)
             ... on level 1 of the Elven Halls.
             The game lasted 01:02:12 (29295 turns).

Peloso the Peltast (Minotaur Fighter)              Turns: 29295, Time: 01:02:13

Health: -5/152     AC: 22    Str: 25    XL:     16   Next: 38%
Magic:  16/16      EV:  9    Int:  5    God:    Okawaru [******]
Gold:   2186       SH: 19    Dex: 12    Spells: 15/15 levels left

rFire   + . .        a - +8 autumn katana {manifold assault}
rCold   + . .        d - +0 tower shield of Tenacity {rCorr Dex+3}
rNeg    . . .        S - +1 plate armour {rPois}
rPois   +            (helmet restricted)
rElec   .            E - scarf {rC+ rF+}
rCorr   +            T - +0 pair of gloves of Death Resistance {Will++ Dex-5 SInv}
SInv    +            s - +0 pair of boots
Will    +++..        (no amulet) Stlth
                     (no ring)
HPRegen 0.45/turn    (no ring)
MPRegen 0.15/turn

%: no passive effects
@: studying Transmutations
A: horns 2, retaliatory headbutt
a: Renounce Religion, Heroism, Finesse, Duel


You were on level 1 of the Elven Halls.
You worshipped Okawaru.
Okawaru was exalted by your worship.
You visited 5 branches of the dungeon, and saw 24 of its levels.
You visited the Abyss 1 time.

You collected 2762 gold pieces.
You spent 576 gold pieces at shops.

Inventory:

Hand Weapons
 a - the +8 autumn katana (weapon) {manifold assault}
   (Okawaru gifted it to you on level 9 of the Dungeon)
 b - the +6 shillelagh "Devastator" {shatter}
   (You found it on level 5 of the Dungeon)
 c - a +3 scimitar of flaming
Armour
 d - the +0 tower shield of Tenacity (worn) {rCorr Dex+3}
   (Okawaru gifted it to you on level 2 of the Lair of Beasts)

   Dex:       It affects your dexterity (+3).
   rCorr:     It protects you from acid and corrosion.
 s - a +0 pair of boots (worn)
 E - a scarf of resistance (worn)
 L - a +2 pair of gloves
 S - a +1 plate armour of poison resistance (worn)
 T - the +0 pair of gloves of Death Resistance (worn) {Will++ Dex-5 SInv}
   (You found it on level 12 of the Dungeon)

   Dex:       It affects your dexterity (-5).
   SInv:      It lets you see invisible.
   Will:      It greatly increases your willpower.
Scrolls
 e - a scroll of blinking
 i - a scroll of butterflies
 j - 2 scrolls of amnesia
 l - 3 scrolls of fog {unknown}
 t - 5 scrolls of magic mapping
 x - 6 scrolls of teleportation
 D - 3 scrolls of immolation
 I - 3 scrolls of fear
 O - a scroll of enchant weapon {unknown}
 P - 3 scrolls of acquirement
Potions
 f - 5 potions of might
 g - 7 potions of curing
 p - 2 potions of flight
 q - a potion of heal wounds
 w - 2 potions of berserk rage
 A - 9 potions of haste
 H - 3 potions of invisibility
 J - a potion of resistance


   Skills:
 + Level 16.3 Fighting
 + Level 16.9 Long Blades
 + Level 10.7 Maces & Flails
 + Level 16.7 Armour
 + Level 7.4 Dodging
 + Level 1.6 Stealth
 + Level 17.7 Shields
 + Level 1.3 Invocations


You had 15 spell levels left.
You didn't know any spells.
Your spell library contained the following spells:

 Spells                   Type           Power      Damage    Failure   Level
 Kiss of Death            Conj/Necr      0%         2d5       100%        1
 Magic Dart               Conj           0%         1d3       100%        1
 Sting                    Tmut/Pois      0%         1d3       100%        1
 Blink                    Tloc           0%         N/A       100%        2
 Poisonous Vapours        Pois/Air       0%         N/A       100%        2
 Searing Ray              Conj           0%         2d4       100%        2
 Confusing Touch          Hex            0%         N/A       100%        3
 Gell's Gravitas          Tloc           0%         N/A       100%        3
 Teleport Other           Tloc           0%         N/A       100%        3
 Dispel Undead            Necr           0%         3d6       100%        4
 Fulminant Prism          Conj/Hex       0%         3d5       100%        4
 Manifold Assault         Tloc           0%         N/A       100%        4
 Olgreb's Toxic Radiance  Pois           0%         N/A       100%        4
 Passage of Golubria      Tloc           0%         N/A       100%        4
 Borgnjor's Vile Clutch   Necr/Erth      0%         N/A       100%        5
 Yara's Violent Unravell  Hex/Tmut       0%         3d3       100%        5
 Dispersal                Tloc           0%         N/A       100%        6
 Eringya's Noxious Bog    Tmut/Pois      0%         N/A       100%        6
 Storm Form               Tmut/Air       0%         N/A       100%        7
 Disjunction              Tloc           0%         N/A       100%        8
 Tukima's Dance           Hex            Unusable   N/A       N/A         3
 Animate Dead             Necr           Unusable   N/A       N/A         4
 Summon Forest            Summ/Tloc      Unusable   N/A       N/A         5
 Death Channel            Necr           Unusable   N/A       N/A         6
 Summon Hydra             Summ           Unusable   N/A       N/A         7

Dungeon Overview and Level Annotations

Branches:
Dungeon (15/15)            Temple (0/1) D:5            Lair (5/5) D:11
  Swamp (1/4) Lair:2       Spider (0/4) Lair:2        Slime (0/5) Lair:5
    Orc (2/2) D:9             Elf (1/3) Orc:2        Vaults (0/5) D:14
 Depths (0/4) D:15

Altars:
Elyvilon
Fedhas
Makhleb
Nemelex Xobeh
Okawaru
Ru
Uskayaw
Wu Jian
Yredelemnul
Zin
The Shining One
Jiyva

Shops:
D:6 [   D:13 (   D:15 :   Orc:2 !*:(

Portals:
Hell: Lair:5
Abyss: D:10

Annotations:
D:10 2 transporters, 00zero00's ghost, novice HOFi
Lair:5 Casa


Innate Abilities, Weirdness & Mutations

You have a pair of horns on your head.
You reflexively headbutt those who attack you in melee.


Message History

Unknown command.
You slash the deep elf archer!
The deep elf archer is heavily wounded.
Unknown command.
You hit the deep elf archer.
The deep elf archer is severely wounded.
The deep elf archer unwields a +0 shortbow.
The deep elf archer wields a +0 short sword.
The deep elf archer hits you but does no damage.
Unknown command.
You slash the deep elf archer!
The deep elf archer is severely wounded.
The deep elf archer closely misses you.
Unknown command.
You closely miss the deep elf archer.
The deep elf archer is severely wounded.
Unknown command.
You closely miss the deep elf archer.
Your headbutt misses the deep elf archer.
The deep elf archer is severely wounded.
The deep elf archer gestures wildly while chanting.
The deep elf archer blinks!
Unknown command.
Items here: ))) [ †.
There is an open door, spattered with blood here.
Items here: ))))) [[ ††.
Items here: ))) [ †.
Items here: ))) [ †.
Items here: )))) [[ †.
Items here: ))) [ †.
Items here: ))) [ †.
The deep elf archer unwields a +0 short sword.
The deep elf archer wields a +0 shortbow.
The deep elf archer shoots an arrow.
The arrow hits you!!
* * * LOW HITPOINT WARNING * * *
Items here: ))) [ †.
The deep elf archer unwields a +0 shortbow.
The deep elf archer wields a +0 short sword.
The deep elf archer hits you with a +0 short sword!
You die...

...#......#....###### #
................'...####
................'......'
.)..............###....'
................# #.####
....###)###.....# #.# #
... #)# #.....# #.# ##
#)# #.....+ ...
#######@###...e.# .#.
.......)e.'.....##+ #
..........'.....#
###########..... ....
... .. .


You could see a deep elf archer (repels missiles).

Vanquished Creatures
  A sphinx (D:13)
  A fenstrider witch (Swamp:1)
  Louise (Swamp:1)
  A frost giant (D:15)
  A deep elf demonologist (Elf:1)
  A dire elephant (Lair:5)
  A vault guard (D:14)
  Harold (Orc:1)
  4 two-headed ogres
  Erica (D:10)
  A death knight (D:14)
  7 boulder beetles
  6 hydras
  5 centaur warriors
  3 dancing weapons (Elf:1)
  A deep troll earth mage (D:13)
  4 tengu warriors
  10 death yaks
  An alligator (Lair:2)
  5 orc high priests (Orc:2)
  3 spriggans
  2 skysharks
  2 deep elf knights (Elf:1)
  A shadow wraith (D:12)
  A sixfirhy (Lair:5)
  An orb spider (Lair:2)
  A death drake (Swamp:1)
  A bog body (Swamp:1)
  6 skeletal warriors
  4 deep elf archers (Elf:1)
  A lindwurm (Lair:5)
  5 deep elf zephyrmancers (Elf:1)
  A phantasmal warrior (D:14)
  Pikel (D:9)
  2 wizards
  3 ugly things (D:13)
  10 orc knights
  6 deep elf pyromancers
  11 cyclopes
  12 elephants
  6 manticores
  5 black mambas
  2 torpor snails
  15 cane toads
  2 orange demons (Lair:5)
  5 gargoyles
  2 yaktaurs
  A kobold demonologist (D:10)
  5 rime drakes
  3 efreet
  2 unseen horrors
  2 freezing wraiths
  2 ice devils (Lair:5)
  17 komodo dragons
  A red devil (Lair:5)
  3 polar bears
  3 meliai (D:15)
  A hellwing (Lair:5)
  A queen bee (Orc:1)
  10 trolls
  Prince Ribbit (D:8)
  A tarantella (shapeshifter) (D:14)
  4 hornets
  3 tyrant leeches
  21 blink frogs
  15 slime creatures
  2 shadows
  2 vampires (D:12)
  4 wyverns
  A water elemental (Elf:1)
  52 yaks
  4 wraiths
  7 basilisks
  3 fire elementals
  10 humans (D:14)
  A steam dragon (D:8)
  3 vampire mosquitoes
  A swamp worm (Swamp:1)
  25 water moccasins
  2 wargs
  5 hell hounds (Lair:5)
  A swamp drake (D:9)
  38 orc warriors
  2 sky beasts
  An ice beast (D:8)
  2 black bears
  14 wolves
  10 ogres
  4 centaurs
  2 lemures (D:9)
  2 phantoms (D:5)
  Blork the orc (D:4)
  5 kobold brigands
  2 gnoll sergeants
  13 bullfrogs
  4 scorpions
  23 killer bees (Orc:1)
  An electric eel (Lair:2)
  5 howler monkeys
  5 lava snakes (D:13)
  3 hounds
  34 orc priests
  3 gnoll boudas
  Crazy Yiuf (D:5)
  2 iguanas (D:5)
  5 jellies (Lair:5)
  Natasha (twice) (D:2)
  3 sleepcaps
  14 orc wizards
  13 gnolls
  6 adders
  2 shadow imps
  3 white imps
  7 worms
  A dart slug (D:5)
  79 orcs
  8 ball pythons
  6 endoplasms
  9 giant cockroaches
  15 goblins
  6 hobgoblins
  3 jackals (D:1)
  21 kobolds
  5 quokkas
  5 bats
  3 frilled lizards
  3 rats
  2 butterflies (Lair:5)
784 creatures vanquished.

Vanquished Creatures (others)
  A human (D:14)
1 creature vanquished.

Grand Total: 785 creatures vanquished

Notes
Turn   | Place    | Note
-------+----------+-------------------------------------------
     0 | D:1      | Peloso the Minotaur Fighter began the quest for the Orb.
     0 | D:1      | Reached XP level 1. HP: 19/19 MP: 0/0
    47 | D:1      | Found a faded altar of an unknown god.
   177 | D:1      | Reached XP level 2. HP: 24/27 MP: 1/1
   780 | D:1      | Reached XP level 3. HP: 33/33 MP: 2/2
  1387 | D:2      | Reached skill level 1 in Dodging
  1392 | D:2      | Reached skill level 4 in Shields
  1621 | D:2      | Reached XP level 4. HP: 41/41 MP: 3/3
  1660 | D:2      | Noticed Natasha
  1663 | D:2      | Killed Natasha
  2029 | D:2      | Noticed Natasha
  2036 | D:2      | Killed Natasha
  2037 | D:2      | Reached XP level 5. HP: 44/47 MP: 4/4
  2265 | D:3      | Reached skill level 5 in Armour
  2521 | D:3      | Found a glowing golden altar of the Shining One.
  2934 | D:4      | Found a blossoming altar of Fedhas.
  2946 | D:4      | Found an iron altar of Okawaru.
  2961 | D:4      | Noticed Blork the orc
  2971 | D:4      | Killed Blork the orc
  2972 | D:4      | Reached XP level 6. HP: 29/53 MP: 5/5
  2990 | D:4      | Became a worshipper of Warmaster Okawaru
  3083 | D:4      | Reached skill level 5 in Long Blades
  3404 | D:4      | Reached skill level 5 in Fighting
  3561 | D:4      | Reached XP level 7. HP: 60/61 MP: 6/6
  3642 | D:4      | Reached * piety under Okawaru
  3976 | D:5      | Entered Level 5 of the Dungeon
  3976 | D:5      | Found a staircase to the Ecumenical Temple.
  4029 | D:5      | Reached skill level 5 in Shields
  4347 | D:5      | Reached ** piety under Okawaru
  4348 | D:5      | Reached XP level 8. HP: 26/70 MP: 1/7
  4783 | D:5      | Found the +6 shillelagh "Devastator" {shatter}
  4791 | D:5      | Found a runed translucent door.
  4792 | D:5      | Noticed Crazy Yiuf
  4797 | D:5      | Killed Crazy Yiuf
  5724 | D:6      | Found Jemimnile's Armour Boutique.
  5730 | D:6      | Bought a scarf of resistance for 384 gold pieces
  5924 | D:6      | Reached skill level 6 in Shields
  5972 | D:6      | Found a sparkling altar of Nemelex Xobeh.
  5983 | D:6      | Found a basalt altar of Yredelemnul.
  6100 | D:6      | Reached skill level 1 in Maces & Flails
  6100 | D:6      | Reached XP level 9. HP: 65/78 MP: 5/8
  6381 | D:6      | Found a white marble altar of Elyvilon.
  6536 | D:7      | Reached *** piety under Okawaru
  6643 | D:7      | Found a sacrificial altar of Ru.
  6752 | D:7      | Identified the +3 spear of the Turnip {protect, rCorr Str+2
                  | SInv}
  6840 | D:7      | Found an ornate altar of the Wu Jian Council.
  6858 | D:7      | Reached skill level 5 in Maces & Flails
  7551 | D:8      | Noticed a troll
  7556 | D:8      | Killed a troll
  7556 | D:8      | Reached **** piety under Okawaru
  7663 | D:8      | Noticed Prince Ribbit
  7666 | D:8      | Killed Prince Ribbit
  7825 | D:8      | Found a burning altar of Makhleb.
  7904 | D:8      | Noticed a centaur warrior
  7914 | D:8      | Killed a centaur warrior
  7914 | D:8      | Reached ***** piety under Okawaru
  7915 | D:8      | Reached skill level 10 in Armour
  7915 | D:8      | Reached XP level 10. HP: 40/86 MP: 5/9
  8087 | D:8      | Noticed a cyclops
  8094 | D:8      | Killed a cyclops
  8303 | D:9      | Found a glowing silver altar of Zin.
  8361 | D:9      | Identified the +0 scale mail of the Eagle {rF+}
  8551 | D:9      | Found a staircase to the Orcish Mines.
  8971 | D:9      | Noticed a two-headed ogre
  8981 | D:9      | Killed a two-headed ogre
  8981 | D:9      | Received a gift from Okawaru
  8981 | D:9      | Found the +8 autumn katana {manifold assault}
  9184 | D:9      | Reached skill level 7 in Shields
  9219 | D:9      | Noticed Pikel
  9229 | D:9      | Killed Pikel
  9673 | D:10     | Entered Level 10 of the Dungeon
  9675 | D:10     | Noticed a toenail golem
  9792 | D:10     | Noticed a hell hog
  9794 | D:10     | Found a transporter.
  9799 | D:10     | Noticed a worldbinder
  9925 | D:10     | Reached XP level 11. HP: 95/95 MP: 10/10
  9971 | D:10     | Found a transporter.
  9976 | D:10     | Noticed a thrashing horror
  9978 | D:10     | Noticed 00zero00's ghost (novice HOFi)
  9993 | D:10     | Found a one-way gate to the infinite horrors of the Abyss.
 10077 | D:10     | Noticed Erica
 10100 | D:10     | Killed Erica
 10100 | D:10     | Identified the +0 robe of Indecent Exposure {Str+3 Dex+3}
                  | (Okawaru gifted it to you on level 10 of the Dungeon)
 10100 | D:10     | Received a gift from Okawaru
 10671 | D:10     | Reached skill level 10 in Long Blades
 11059 | D:10     | Noticed a two-headed ogre
 11065 | D:10     | Killed a two-headed ogre
 11273 | D:11     | Noticed a two-headed ogre
 11284 | D:11     | Killed a two-headed ogre
 11626 | D:11     | Reached skill level 1 in Invocations
 11743 | D:11     | Found a staircase to the Lair.
 11781 | D:11     | Reached skill level 1 in Stealth
 11973 | D:11     | Reached skill level 5 in Dodging
 12281 | Lair:1   | Entered Level 1 of the Lair of Beasts
 12436 | Lair:1   | Received a gift from Okawaru
 12437 | Lair:1   | Reached XP level 12. HP: 104/106 MP: 9/11
 12601 | Lair:1   | Reached skill level 10 in Fighting
 13010 | Lair:1   | Reached skill level 8 in Shields
 13403 | Lair:2   | Reached ****** piety under Okawaru
 13713 | Lair:2   | Found a staircase to the Swamp.
 13748 | Lair:2   | Identified the +0 tower shield of Tenacity {rCorr Dex+3}
                  | (Okawaru gifted it to you on level 2 of the Lair of Beasts)
 13748 | Lair:2   | Received a gift from Okawaru
 14176 | Lair:2   | Found a hole to the Spider Nest.
 14472 | Lair:3   | Reached skill level 9 in Shields
 14851 | Lair:3   | Noticed an eight-headed hydra
 14862 | Lair:3   | Killed an eight-headed hydra
 15227 | Lair:3   | Noticed a death yak
 15227 | Lair:3   | Noticed a death yak
 15227 | Lair:3   | Noticed a death yak
 15238 | Lair:3   | Killed a death yak
 15239 | Lair:3   | Reached XP level 13. HP: 108/117 MP: 10/12
 15717 | Orc:1    | Entered Level 1 of the Orcish Mines
 15719 | Orc:1    | Noticed Harold
 15742 | Orc:1    | Killed Harold
 15748 | Orc:1    | Reached skill level 10 in Shields
 15909 | Orc:1    | Received a gift from Okawaru
 16191 | Orc:2    | Entered Level 2 of the Orcish Mines
 17006 | Orc:2    | Identified the +3 morningstar of the Shore {elec, rPois
                  | rCorr} (Okawaru gifted it to you on level 2 of the Orcish
                  | Mines)
 17006 | Orc:2    | Received a gift from Okawaru
 17141 | Orc:2    | Found a staircase to the Elven Halls.
 17699 | Orc:1    | Reached skill level 11 in Shields
 18464 | Orc:2    | Identified the +0 cloak of the Desolation of Salt {rN+}
                  | (Okawaru gifted it to you on level 2 of the Orcish Mines)
 18464 | Orc:2    | Received a gift from Okawaru
 18465 | Orc:2    | Reached skill level 10 in Maces & Flails
 18515 | Orc:2    | Reached skill level 12 in Shields
 18633 | Orc:2    | Found Yxiczi's Distillery.
 18636 | Orc:2    | Found Hiedic's Book Shoppe.
 18637 | Orc:2    | Found Nergho's Antique Weapon Shoppe.
 18638 | Orc:2    | Found Xeuth's Assorted Antiques.
 18644 | Orc:2    | Bought a fuming ruby potion for 24 gold pieces
 18644 | Orc:2    | Bought a purple potion for 24 gold pieces
 18645 | Orc:2    | Bought a potion of lignification for 54 gold pieces
 18645 | Orc:2    | Bought a potion of heal wounds for 90 gold pieces
 19410 | D:12     | Reached XP level 14. HP: 84/129 MP: 10/13
 19416 | D:12     | Reached skill level 15 in Armour
 19820 | D:12     | Identified the +0 pair of gloves of Death Resistance
                  | {Will++ Dex-5 SInv}
 20526 | D:12     | Identified 3 scrolls of acquirement
 20698 | D:13     | Reached skill level 13 in Shields
 20896 | D:13     | Received a gift from Okawaru
 20912 | D:13     | Reached skill level 15 in Long Blades
 21003 | D:13     | Noticed a sphinx
 21005 | D:13     | Paralysed by a sphinx for 4 turns
 21014 | D:13     | Killed a sphinx
 21296 | D:13     | Found Fifaogy's Antique Weapon Emporium.
 22407 | Lair:4   | Reached skill level 14 in Shields
 22433 | Lair:4   | Found the +3 salamander hide armour {Flames, rFlCloud rF++
                  | rC--}
 22604 | Lair:4   | Received a gift from Okawaru
 23065 | Lair:5   | Entered Level 5 of the Lair of Beasts
 23249 | Lair:5   | Reached XP level 15. HP: 130/139 MP: 12/14
 23287 | Lair:5   | Found a viscous altar of Jiyva.
 23371 | Lair:5   | Received a gift from Okawaru
 23415 | Lair:5   | Reached skill level 15 in Shields
 24044 | Lair:4   | Reached skill level 15 in Fighting
 24061 | Lair:4   | Identified the +0 ring mail of Salvation {+Inv rF+ Dex+3}
                  | (Okawaru gifted it to you on level 4 of the Lair of Beasts)
 24061 | Lair:4   | Received a gift from Okawaru
 24274 | Lair:5   | Found a staircase to the Slime Pits.
 24572 | Lair:5   | Found a burning altar of Makhleb.
 24732 | Lair:5   | Found a gateway to Hell.
 24739 | Lair:5   | Identified the +8 sling of Ciruq {speed, rPois Str+3}
 24832 | Lair:5   | Reached skill level 16 in Shields
 26385 | D:14     | Found a gate to the Vaults.
 26509 | D:15     | Entered Level 15 of the Dungeon
 26847 | D:14     | Received a gift from Okawaru
 27021 | D:15     | Found a hide-covered altar of Uskayaw.
 27306 | D:15     | Received a gift from Okawaru
 27458 | D:15     | Identified the +8 dagger of Aqaipt {speed, *Rage Fly rElec
                  | rF+ rN+}
 27709 | D:15     | Reached XP level 16. HP: 151/151 MP: 15/15
 27712 | D:15     | Found a staircase to the Depths.
 27724 | D:15     | Reached skill level 17 in Shields
 27956 | D:15     | Found Kaeziver's Tremendous Tomes.
 28153 | Swamp:1  | Entered Level 1 of the Swamp
 28153 | Swamp:1  | Noticed Louise
 28396 | Abyss:3  | Found a corrupted altar of Lugonu.
 28396 | Abyss:3  | Cast into level 3 of the Abyss (Louise)
 28399 | Abyss:3  | Found a corrupted altar of Lugonu.
 28406 | Swamp:1  | Escaped the Abyss
 28456 | Swamp:1  | Killed Louise
 28499 | Swamp:1  | HP: 5/151 [fenstrider witch/+0 dagger (9)]
 29063 | Elf:1    | Entered Level 1 of the Elven Halls
 29080 | Elf:1    | Received a gift from Okawaru
 29295 | Elf:1    | Slain by a deep elf archer

Illustrated notes

Levels and vault maps discovered:
D:1:      co_arrival_square_in_a_square_in_a_square, layout_basic,
          basic_ecumenical_altar, dreamdust_wishing_well,
          hangedman_decor_clover_reticule, grunt_decor_fettered,
          minmay_tetromino_l2
D:2:      layout_basic, grunt_ministairs_7, minmay_indecisive_spiral,
          uniq_natasha
D:3:      layout_basic, lemuel_coloured_pillars_altar
D:4:      minmay_polygon_palace, layout_basic,
          mainiacjoe_overflow_large_starburst, minmay_manual_mess,
          uniq_blork_the_orc
D:5:      layout_basic, minmay_temple_entry_overgrown, st_stairs_5,
          minmay_between, uniq_crazy_yiuf_cottage
D:6:      layout_loops_ring, nicolae_elyvilon_peaceful_grove,
          amethyst_overflow_temple_binary, serial_shops, shop,
          kennysheep_generic_room_9
D:7:      layout_rooms, lemuel_crystal_altar, mainiacjoe_overflow_catwalk,
          minmay_misc_feat_encased
D:8:      layout_rooms, mainiacjoe_overflow_alcove_2,
          nicolae_concentric_dashed_squares_wild, minmay_hedge_maze,
          wad_mini_maze, uniq_prince_ribbit1
D:9:      layout_stronghold, nicolae_overflow_crystal_walls, erik_orc_1,
          uniq_pikel
D:10:     layout_loops_cross, gammafunk_ghost_abyssal_escape, uniq_erica
D:11:     layout_gridville, due_lair_maze_entry_diamond, evilmike_butchery
D:12:     layout_basic, kennysheep_diamond, minmay_pinched_square
D:13:     kennysheep_four_of_diamonds, layout_irregular_city, serial_shops,
          nicolae_shop_just_a_little_nook
D:14:     layout_loops_ring, ximxim_vaults_locker_room
D:15:     grunt_enter_depths_snipers, layout_long_grid, grunt_ministairs_12,
          nicolae_shop_i_like_big_books, dancing_weapons_uskayaw
Lair:1:   layout_roguey
Lair:2:   layout_regular_city, swamp_mist_pool,
          nicolae_spider_entry_orb_guardian, infiniplex_staircase_pool_2
Lair:3:   layout_misc_corridors, grunt_megastairs_2
Lair:4:   layout_concentric_octagons, grunt_megastairs_3
Lair:5:   evil_forest, layout_regular_city, nicolae_slime_entry_field_trip,
          lemuel_fruit_fields, lemuel_fruit_tree
Swamp:1:  layout_falls_marsh, hangedman_swamp_diagram, uniq_aizul, uniq_louise
Orc:1:    layout_caves, special_room [special_room_bee], uniq_harold
Orc:2:    st_orc_pillars, layout_diamond_mine
Elf:1:    eino_elf_arrival_customs, layout_gridlike, ebering_ghost_rock_garden,
          minivault_28, dk_noncrumbling_4

Skill      XL: |  1  2  3  4  5  6  7  8  9 10 11 12 13 14 15 16 |
---------------+-------------------------------------------------+-----
Fighting       | 4 5 6 7 8 9 11 13 14 15 16 | 16.3
Armour         | 4 5 6 7 8 10 11 13 14 15 16 | 16.7
Long Blades    | 3 4 5 7 8 9 11 13 14 15 16 | 16.9
Dodging        | 1 2 3 4 5 6 7 |  7.4
Shields        | 4 5 6 7 9 12 14 16 17 | 17.7
Maces & Flails | 1 7 9 10 | 10.7
Invocations    | 1 |  1.3
Stealth        | 1 |  1.6

Action                     |  1- 3 |  4- 6 |  7- 9 | 10-12 | 13-15 | 16-18 || total
---------------------------+-------+-------+-------+-------+-------+-------++-------
  Melee: Long sword        |   132 |   157 |   141 |       |       |       ||   430
         Headbutt          |    18 |    33 |    44 |    89 |   325 |    42 ||   551
         Shillelagh        |       |       |   101 |    72 |   234 |       ||   407
         Katana            |       |       |       |   487 |  1193 |   220 ||  1900
 Invoke: Heroism           |       |       |     1 |     4 |     6 |     4 ||    15
    Use: Scroll            |     3 |     1 |     5 |     7 |     7 |     2 ||    25
         Potion            |     2 |       |     1 |     1 |     2 |     3 ||     9
 Armour: Scale mail        |    69 |    27 |       |       |       |       ||    96
         Chain mail        |       |    59 |   122 |   180 |   158 |       ||   519
         Plate armour      |       |       |       |       |   273 |    38 ||   311
  Dodge: Dodged            |    73 |    93 |   110 |   176 |   624 |    32 ||  1108
  Block: Buckler           |    33 |    52 |    57 |    87 |       |       ||   229
         Tower shield      |       |       |       |    72 |  1288 |   169 ||  1529
